 Dungeon Crawl Stone Soup version 0.30.0 (webtiles) character file.

Game seed: 16337242929411814420

4106 SubZero71 the Frost Mage (level 10, -10/80 HPs)
             Began as a Naga Ice Elementalist on Dec 24, 2023.
             Was an Initiate of Dithmenos.
             Mangled by a two-headed ogre
             ... wielding a +0 giant spiked club
              (18 damage)
             ... on level 8 of the Dungeon on Dec 25, 2023.
             The game lasted 01:45:16 (9571 turns).

SubZero71 the Frost Mage (Naga Ice Elementalist)    Turns: 9571, Time: 01:45:17

Health: -10/80     AC: 20    Str: 11    XL:     10   Next: 26%
Magic:  10/20      EV: 10    Int: 20    God:    Dithmenos [......]
Gold:   501        SH:  5    Dex: 17    Spells: 3/22 levels left

rFire   . . .        R - staff of cold
rCold   + . .        K - +1 buckler {reflect}
rNeg    . . .        a - +2 robe {Will+}
rPois   +            r - +2 helmet
rElec   .            j - scarf {repulsion}
rCorr   .            E - +0 pair of gloves
SInv    +            (no barding)
Will    ++...        J - amulet of regeneration
Stlth   +++          q - +6 ring of dexterity
HPRegen 1.13/turn    s - +4 ring of slaying
MPRegen 0.17/turn

%: repel missiles, reflection
@: ice-armoured, freezing walls, very slow
A: AC +3, large, see invisible, deformed body, poison resistance, slowness 2,
spit poison 1, naga tail 1
a: Spit Poison, Renounce Religion


You were on level 8 of the Dungeon.
You worshipped Dithmenos.
Dithmenos was noncommittal.
You visited 1 branch of the dungeon, and saw 8 of its levels.

You collected 501 gold pieces.

Inventory:

Hand Weapons
 c - a +3 dagger of protection
 x - a +3 dagger of draining
 B - a +2 hand axe of flaming
 I - a +4 dagger
Missiles
 h - 14 poisoned darts (quivered)
 p - 3 throwing nets
 u - 9 boomerangs
 v - 6 curare-tipped darts
Armour
 a - a +2 robe of willpower (worn)
 j - a scarf of repulsion (worn)
 r - a +2 helmet (worn)
 y - a +0 cloak
 E - a +0 pair of gloves (worn)
 K - a +1 buckler of reflection (worn)
 T - +0 steam dragon scales
Magical Staves
 F - a staff of conjuration
 R - a staff of cold (weapon)
Jewellery
 q - a +6 ring of dexterity (left hand)
 s - a +4 ring of slaying (right hand)
 J - an amulet of regeneration (around neck)
 M - a ring of protection from cold
 N - a ring of willpower
Wands
 n - a wand of flame (23)
 S - a wand of polymorph (8)
Scrolls
 f - 4 scrolls of identify
 g - a scroll of fog {unknown}
 k - 5 scrolls of teleportation
 m - a scroll of magic mapping
 w - a scroll of blinking {unknown}
 A - a scroll of silence {unknown}
 C - a scroll of vulnerability {unknown}
 D - a scroll of poison {unknown}
 H - a scroll of noise {unknown}
 L - a scroll of immolation {unknown}
 O - a scroll of amnesia {unknown}
 Q - a scroll of enchant armour {unknown}
Potions
 b - 3 potions of magic
 d - 4 potions of brilliance
 e - a potion of haste {unknown}
 i - 2 potions of lignification
 l - 4 potions of might
 o - 3 potions of mutation
 t - 2 potions of heal wounds
 z - a potion of resistance
 G - a potion of curing {unknown}
 P - a potion of cancellation {unknown}
 U - a potion of invisibility {unknown}
 V - a potion of degeneration {unknown}


   Skills:
 + Level 2.1 Fighting
 + Level 4.2 Short Blades
 + Level 0.5 Staves
 + Level 1.3 Throwing
 + Level 3.3 Dodging
 + Level 6.0 Stealth
 + Level 0.8 Shields
 + Level 6.8 Spellcasting
 + Level 1.2 Conjurations
 + Level 0.8 Summonings
 * Level 10.9 Ice Magic
 + Level 0.1 Evocations


You had 3 spell levels left.
You knew the following spells:

 Your Spells              Type           Power      Damage    Failure   Level
a - Freeze                Ice            100%       1d10      1%          1
b - Frozen Ramparts       Ice            100%       1d16      1%          3
c - Ozocubu's Armour      Ice            66%        N/A       1%          3
d - Hailstorm             Conj/Ice       46%        3d11      3%          3
e - Summon Ice Beast      Ice/Summ       45%        N/A       13%         4
f - Metabolic Englaciati  Hex/Ice        21%        N/A       38%         5

Your spell library contained the following spells:

 Spells                   Type           Power      Damage    Failure   Level
 Slow                     Hex            24%        N/A       14%         1
 Sting                    Tmut/Pois      24%        1d4       14%         1
 Blink                    Tloc           12%        N/A       22%         2
 Poisonous Vapours        Pois/Air       12%        N/A       22%         2
 Confusing Touch          Hex            6%         N/A       38%         3
 Vampiric Draining        Necr           6%         2d6       38%         3
 Vhi's Electric Charge    Tloc/Air       12%        N/A       38%         3
 Ice Form                 Ice/Tmut       42%        N/A       16%         4
 Manifold Assault         Tloc           6%         N/A       80%         4
 Olgreb's Toxic Radiance  Pois           6%         N/A       80%         4
 Petrify                  Tmut/Erth      6%         N/A       80%         4
 Simulacrum               Ice/Necr       21%        N/A       93%         6
 Arcjolt                  Conj/Air       4%         1d14      97%         5
 Plasma Beam              Fire/Air       3%         2x1d14    100%        6
 Statue Form              Tmut/Erth      4%         N/A       100%        6
 Storm Form               Tmut/Air       3%         N/A       100%        7
 Maxwell's Capacitive Co  Air            3%         ∞         100%        8


Dungeon Overview and Level Annotations

Branches:
Dungeon (8/15)             Temple (0/1) D:7            Lair (0/5) D:8

Altars:
Ashenzari
Dithmenos
Ru

Shops:
D:1 :


Innate Abilities, Weirdness & Mutations

Your serpentine skin is tough. (AC +3)
You have supernaturally acute eyesight. (SInv)
Armour fits poorly on your strangely shaped body.
Your system is resistant to poisons. (rPois)
You cover ground very slowly.
You can spit poison.
You have a snake-like lower body.


Message History

a yak corpse; a basilisk corpse
Things that are here:
a yak corpse; a basilisk corpse You start resting.
A two-headed ogre is nearby!
A two-headed ogre is nearby!
The two-headed ogre shouts in stereo!
There is a stone staircase leading up here.
You climb upwards.
There is a stone staircase leading down here.
You start resting.
Magic restored.
Unknown command.
Unknown command.
You climb downwards.
The two-headed ogre hits you with a +0 giant spiked club!!
The two-headed ogre hits you with a +0 giant club!
There is a stone staircase leading up here.
The two-headed ogre hits you with a +0 giant spiked club!!
The two-headed ogre barely misses you.
Casting: Ozocubu's Armour (safe; 1% risk of failure)
Confirm with . or Enter, or press ? or * to list all spells.
You feel a surge of power! A film of ice covers your body!
Unknown command.
Casting: Ozocubu's Armour (safe; 1% risk of failure)
Confirm with . or Enter, or press ? or * to list all spells.
Casting: Frozen Ramparts (safe; 1% risk of failure)
Press: ? - help, Dir - look around, f - activate You feel a surge of power!
The walls around you are covered in ice.
The wall freezes the two-headed ogre.
The two-headed ogre hits you with a +0 giant spiked club!!
* * * LOW HITPOINT WARNING * * *
The two-headed ogre closely misses you.
Casting: Frozen Ramparts (safe; 1% risk of failure)
Confirm with . or Enter, or press ? or * to list all spells.
You feel a surge of power! A chill wind blows around you.
The wall freezes the two-headed ogre!
The two-headed ogre hits you with a +0 giant spiked club!!
You die...

#... #... #....
.....##
.......#########
....O...##...O.#
..(......#..Y<@#
..>......÷.....#
O.....P..#.....#
.....P..##.....#
.......#########
.....## ##.##
#.. ..


You could see a two-headed ogre (ally target) and a friendly ice beast
(summoned).

Vanquished Creatures
  Pikel (D:4)
  Maggie (D:7)
  Grinder (D:3)
  A wyvern (D:8)
  A yak (D:8)
  A basilisk (D:8)
  Duvessa (D:7)
  2 orc warriors
  A black bear (D:8)
  A centaur (D:7)
  4 lemures (D:4)
  5 phantoms
  3 kobold brigands
  Blork the orc (D:4)
  A bullfrog (D:7)
  A gnoll sergeant (D:6)
  6 scorpions
  Dowan (D:7)
  A howler monkey (D:5)
  A jelly (D:4)
  2 hounds
  2 sleepcaps (D:5)
  5 orc priests
  Natasha (thrice) (D:2)
  Terence (D:2)
  An iguana (D:3)
  6 orc wizards
  Robin (D:2)
  4 adders
  8 gnolls
  4 ufetubi
  4 worms
  A dart slug (D:4)
  22 orcs
  7 endoplasms
  2 giant cockroaches
  21 goblins
  11 hobgoblins
  9 jackals
  22 kobolds
  3 quokkas
  9 ball pythons
  2 bats
  6 frilled lizards
  7 rats
198 creatures vanquished.

Vanquished Creatures (collateral kills)
  Menkaure (D:6)
  Crazy Yiuf (D:7)
2 creatures vanquished.

Vanquished Creatures (others)
  A plant (D:8)
1 creature vanquished.

Grand Total: 201 creatures vanquished

Notes
Turn   | Place    | Note
-------+----------+-------------------------------------------
     0 | D:1      | SubZero71 the Naga Ice Elementalist began the quest for the
                  | Orb.
     0 | D:1      | Reached XP level 1. HP: 15/15 MP: 3/3
   282 | D:1      | Reached XP level 2. HP: 22/22 MP: 1/5
   594 | D:1      | Found Semeoman's Book Boutique.
   723 | D:1      | Reached XP level 3. HP: 28/28 MP: 4/6
   727 | D:1      | Learned a level 3 spell: Frozen Ramparts
  1415 | D:2      | Noticed Natasha
  1423 | D:2      | Killed Natasha
  1427 | D:2      | Reached skill level 5 in Ice Magic
  1446 | D:2      | Noticed Natasha
  1462 | D:2      | Learned a level 3 spell: Ozocubu's Armour
  1479 | D:2      | Reached XP level 4. HP: 36/36 MP: 3/7
  1479 | D:2      | Killed Natasha
  1767 | D:2      | Noticed Natasha
  1774 | D:2      | Killed Natasha
  1775 | D:2      | Reached XP level 5. HP: 29/42 MP: 5/9
  1924 | D:2      | Learned a level 3 spell: Hailstorm
  1995 | D:2      | Noticed Robin
  2005 | D:2      | Killed Robin
  2070 | D:2      | Noticed Terence
  2081 | D:2      | Killed Terence
  2817 | D:3      | Noticed a kobold brigand
  2901 | D:3      | Killed a kobold brigand
  2902 | D:3      | Reached skill level 6 in Ice Magic
  2902 | D:3      | Reached XP level 6. HP: 46/50 MP: 0/11
  3036 | D:3      | Reached skill level 1 in Short Blades
  3219 | D:3      | Found a sacrificial altar of Ru.
  3531 | D:3      | Noticed Grinder
  3998 | D:3      | Killed Grinder
  3999 | D:3      | Reached skill level 7 in Ice Magic
  3999 | D:3      | Reached XP level 7. HP: 54/56 MP: 8/13
  4250 | D:3      | Learned a level 4 spell: Summon Ice Beast
  4438 | D:4      | Noticed Blork the orc
  4447 | D:4      | Killed Blork the orc
  4653 | D:4      | Reached skill level 1 in Fighting
  4653 | D:4      | Reached skill level 5 in Stealth
  4653 | D:4      | Reached XP level 8. HP: 31/64 MP: 3/14
  4957 | D:4      | Noticed Pikel
  4980 | D:4      | Reached skill level 8 in Ice Magic
  5191 | D:4      | Reached skill level 5 in Spellcasting
  5553 | D:4      | Killed Pikel
  5554 | D:4      | Reached XP level 9. HP: 56/70 MP: 2/17
  5866 | D:4      | Learned a level 5 spell: Metabolic Englaciation
  5867 | D:5      | Entered Level 5 of the Dungeon
  6069 | D:5      | Reached skill level 9 in Ice Magic
  6307 | D:5      | Reached skill level 1 in Conjurations
  7371 | D:6      | Found a shadowy altar of Dithmenos.
  7430 | D:6      | Found a broken altar of Ashenzari.
  8029 | D:6      | Became a worshipper of Dithmenos the Shadowed
  8108 | D:7      | Noticed Menkaure
  8121 | D:6      | Killed Menkaure
  8122 | D:6      | Reached skill level 1 in Throwing
  8514 | D:7      | Found a staircase to the Ecumenical Temple.
  8652 | D:7      | Noticed Maggie
  8662 | D:7      | Reached skill level 10 in Ice Magic
  8666 | D:7      | Killed Maggie
  8667 | D:7      | Reached XP level 10. HP: 71/80 MP: 8/19
  8925 | D:7      | Noticed Dowan
  8927 | D:7      | Noticed Duvessa
  8935 | D:7      | Killed Dowan
  8938 | D:7      | Killed Duvessa
  9224 | D:7      | Found a runed translucent door.
  9225 | D:7      | Noticed Crazy Yiuf
  9233 | D:7      | Killed Crazy Yiuf
  9324 | D:8      | Found a staircase to the Lair.
  9493 | D:8      | Noticed a two-headed ogre
  9571 | D:8      | Mangled by a two-headed ogre

Illustrated notes

Levels and vault maps discovered:
D:1:      erik_arrival_orb_chamber, layout_loops_corners, serial_shops, shop,
          serial_bayou_pond_c, dreamdust_princess_bridge, minmay_tiny_reverse_x
D:2:      layout_loops_corners, uniq_robin, uniq_natasha, uniq_terence
D:3:      cheibrodos_thug_alley, layout_basic, nicolae_ru_sacrificial_ziggurat,
          uniq_grinder
D:4:      layout_cave_pods, guppyfry_early_orc_mine, uniq_pikel,
          uniq_blork_the_orc
D:5:      layout_rooms, serial_glass, glass_columns_c, glass_columns_b
D:6:      layout_basic, mainiacjoe_overflow_two_lobes
D:7:      layout_basic, lemuel_temple_firewalk_b, uniq_maggie, uniq_duvessa,
          uniq_menkaure, uniq_crazy_yiuf_cottage
D:8:      layout_loops_cross, david_lair_generic, dreamdust_deal_with_the_devil,
          grunt_ministairs_5, kennysheep_small_spiral,
          nicolae_kite_square_tiling_tiny, solitary_fountain,
          ebering_dispersal_statue_hall, uniq_grum, uniq_amaemon, uniq_joseph

Skill      XL: |  1  2  3  4  5  6  7  8  9 |
---------------+----------------------------+-----
Ice Magic      | 5 6 7 8 10 | 10.9
Spellcasting   | 3 4 5 6 |  6.8
Stealth        | 4 5 6 |  6.0
Short Blades   | 1 2 3 4 |  4.2
Fighting       | 1 2 |  2.1
Dodging        | 2 3 |  3.3
Conjurations   | 1 |  1.2
Throwing       | 1 |  1.3
Staves         | |  0.5
Shields        | |  0.8
Summonings     | |  0.8
Evocations     | |  0.1

Action                     |  1- 3 |  4- 6 |  7- 9 | 10-12 || total
---------------------------+-------+-------+-------+-------++-------
  Melee: Dagger            |    11 |    60 |   199 |       ||   270
         Punch             |       |     1 |     4 |       ||     5
         Staff             |       |       |     7 |    15 ||    22
  Throw: Dart              |       |       |    13 |     1 ||    14
   Cast: Freeze            |    32 |    26 |    25 |     1 ||    84
         Frozen Ramparts   |     2 |    13 |    20 |     7 ||    42
         Hailstorm         |       |     5 |    19 |     7 ||    31
         Ozocubu's Armour  |       |     4 |    13 |     2 ||    19
         Summon Ice Beast  |       |       |     3 |     2 ||     5
Ability: Spit Poison       |    10 |     7 |     6 |       ||    23
  Evoke: Wand              |       |     2 |       |       ||     2
    Use: Scroll            |     2 |       |     7 |       ||     9
   Stab: Sleeping          |     3 |    10 |     5 |       ||    18
         Distracted        |       |       |     1 |       ||     1
 Armour: Robe              |     5 |    20 |   102 |     4 ||   131
  Dodge: Dodged            |    11 |    27 |   110 |     9 ||   157
  Block: Buckler           |       |       |    15 |     2 ||    17
         Reflection        |       |       |     2 |       ||     2
